 Dungeon Crawl Stone Soup version 0.13.0-18-g7b03ea5 (console) character file.

1514 Illaniel the Charmwright (level 8, -8/52 HPs)
             Began as a High Elf Skald on Oct 23, 2013.
             Was a Follower of Okawaru.
             Mangled by an orc warrior
             ... wielding a +0,+1 orcish great mace
              (10 damage)
             ... on Level 6 of the Dungeon.
             The game lasted 00:26:56 (5562 turns).

Illaniel the Charmwright (High Elf Skald)           Turns: 5562, Time: 00:26:57

HP  -8/52        AC  5     Str 11      XL: 8   Next: 14%
MP  12/21        EV 13     Int 17      God: Okawaru [*.....]
Gold 374         SH  0     Dex 16      Spells:  5 memorised,  5 levels left

Res.Fire  : . . .   See Invis. : .   a - +0 elf long sword
Res.Cold  : . . .   Warding    : .   b - +0 elf leather armour
Life Prot.: . . .   Conserve   : .   (no shield)
Res.Poison: +       Res.Corr.  : .   (no helmet)
Res.Elec. : .       Clarity    : .   m - +1 dwarf cloak
Sust.Abil.: . .     Spirit.Shd : .   (no gloves)
Res.Mut.  : .       Stasis     : .   (no boots)
Res.Rott. : .       Flight     : .   (no amulet)
Saprovore : . . .                    y - ring of poison resistance
                                     r - ring of wizardry

@: somewhat resistant to hostile enchantments, fairly stealthy
A: no striking features
a: Heroism, Renounce Religion


You were on level 6 of the Dungeon.
You worshipped Okawaru.
Okawaru was aware of your devotion.
You were near starving.

You visited 2 branches of the dungeon, and saw 7 of its levels.

You collected 354 gold pieces.

Inventory:

Hand weapons
 a - a +0,+0 elven long sword (weapon)
 v - a +2 elven blowgun
 B - a +0,+0 elven falchion
 E - the +11,+6 dagger of the Mushroom {stab, rC+}
   (You found it on level 4 of the Dungeon)

   It inflicts extra damage upon your enemies.
   It protects you from cold.
Missiles
 f - 8 darts of flame (quivered)
 q - 14 poisoned needles
Armour
 b - a +0 elven leather armour (worn)
 m - a +1 dwarven cloak (worn)
Magical devices
 C - a wand of digging (4)
Comestibles
 d - 2 bread rations
 h - a pear
 o - 3 meat rations
 t - a royal jelly
 u - 16 sultanas
Scrolls
 e - 2 scrolls of noise {unknown}
 g - 3 scrolls of teleportation
 i - a scroll of identify
 j - 2 scrolls of curse weapon {unknown}
 l - 3 scrolls of random uselessness {unknown}
 p - 7 scrolls of remove curse
 s - a scroll of enchant weapon I {unknown}
 w - a scroll of amnesia {unknown}
 A - a scroll of curse jewellery {unknown}
 D - a scroll of enchant armour {unknown}
 H - a scroll of fear {unknown}
 J - a scroll of curse armour {unknown}
Jewellery
 r - a ring of wizardry (left hand)
 y - a ring of poison resistance (right hand)
Potions
 k - 2 potions of agility
 n - a potion of magic
 x - 3 potions of curing
 z - a potion of confusion
 F - 2 potions of heal wounds
 G - 2 potions of resistance {unknown}
 I - a potion of restore abilities {unknown}
 K - 2 potions of flight {unknown}
Books
 c - a book of Battle

   Spells                             Type                      Level
   *Infusion                          Charms                       1
   *Shroud of Golubria                Charms/Translocation         2
   *Song of Slaying                   Charms                       2
   *Spectral Weapon                   Hexes/Charms                 3
   Regeneration                       Charms/Necromancy            3
   Song of Shielding                  Charms                       4
 L - a book of War Chants

   Spells                             Type                      Level
   Fire Brand                         Charms/Fire                  2
   Freezing Aura                      Charms/Ice                   2
   *Shroud of Golubria                Charms/Translocation         2
   *Repel Missiles                    Charms/Air                   2
   Poison Weapon                      Charms/Poison                3
   Regeneration                       Charms/Necromancy            3


   Skills:
 * Level 4.3 Fighting
 * Level 4.6 Long Blades
 * Level 3.4 Armour
 * Level 4.1 Dodging
 + Level 2.8 Stealth
 * Level 4.2 Spellcasting
 + Level 1.9 Hexes
 + Level 4.7 Charms
 + Level 2.5 Translocations
 * Level 0.2 Air Magic
 * Level 0.2 Invocations


You had 5 spell levels left.
You knew the following spells:

 Your Spells              Type           Power        Failure   Level  Hunger
a - Infusion              Chrm           ###...       1%          1    None
b - Song of Slaying       Chrm           ###.......   1%          2    ##.....
c - Spectral Weapon       Hex/Chrm       ##......     5%          3    ###....
f - Repel Missiles        Chrm/Air       ##........   3%          2    ##.....
h - Shroud of Golubria    Chrm/Tloc      ###.......   2%          2    ##.....


Dungeon Overview and Level Annotations

Branches:
Dungeon (6/27)             Temple (1/1) D:5
    Orc: D:6-11

Altars:
Ashenzari
Elyvilon
Okawaru
Sif Muna
Yredelemnul
Zin
the Shining One

Shops:
D:4 %

Portals:
Ziggurat: D:3 (8600 gp)

Annotations:
D:5 Grinder


Message History

The puff of flame hits you! The orc warrior barely misses you.
Your spectral weapon hits the orc warrior but does no damage.
You hit the orc warrior but do no damage.
The orc warrior is severely wounded.
Your spectral weapon barely misses the orc warrior.
The orc warrior hits you with an orcish great mace.
An orc comes into view. It is wielding a runed trident.
You closely miss the orc warrior.
The orc warrior is severely wounded.
Your spectral weapon closely misses the orc warrior.
The orc warrior hits you with an orcish great mace!
* * * LOW HITPOINT WARNING * * *
You hit the orc warrior but do no damage.
The orc warrior is severely wounded.
Your spectral weapon hits the orc warrior but does no damage.
The orc wizard completely misses you.
The orc wizard suddenly curses.
The orc wizard barely misses you.
The orc warrior hits you with an orcish great mace!
You die...

∙∙∙∙∙∙∙∙∙∙∙∙∙∙∙∙∙∙∙∙∙∙∙▒
∙∙∙∙∙∙∙∙∙∙∙∙∙∙∙∙∙∙∙∙∙∙∙▒
▒∙∙∙∙∙∙∙∙∙∙∙∙∙∙∙∙∙∙∙∙∙∙▒
∙∙∙∙∙∙∙∙∙∙∙∙∙∙∙∙∙∙∙∙∙∙∙▒
∙∙∙∙∙∙∙∙∙∙∙∙∙∙∙∙∙∙∙∙∙∙∙▒
∙∙∙∙∙∙∙∙∙∙∙∙∙∙∙∙∙∙∙∙∙∙∙▒
∙∙∙∙∙∙∙∙∙∙∙∙∙∙∙∙∙∙∙∙∙∙∙▒
∙∙∙∙∙∙∙∙)∙∙∙∙∙∙∙∙∙∙∙∙∙∙▒
∙∙∙∙∙∙∙∙∙∙∙o∙∙∙∙∙∙∙∙∙∙∙▒
∙∙∙∙∙∙∙∙∙∙∙∙∙∙∙o∙∙∙∙∙∙)▒
∙∙∙▒∙∙∙∙∙∙∙∙∙∙∙o@∙∙∙∙∙<▒
∙∙▒▒▒∙∙∙∙∙∙∙∙∙∙∙(∙∙∙∙)<▒
∙∙∙▒∙∙∙∙∙)∙∙∙∙∙∙∙∙∙∙∙(<▒
∙∙∙∙∙∙∙∙∙∙∙∙∙∙∙∙∙∙∙)∙∙∙▒
∙∙∙∙∙∙∙∙∙∙∙∙∙∙∙∙∙∙∙∙∙∙∙▒
∙∙∙∙∙∙∙∙∙∙∙∙∙∙∙∙∙∙(∙∙∙∙▒
∙∙∙∙∙∙∙∙∙∙∙[∙∙∙∙∙(∙∙∙∙∙▒
∙∙∙∙∙∙∙∙∙∙∙∙∙∙∙∙(∙∙∙∙∙∙▒
∙∙∙∙∙∙∙∙∙∙∙∙∙∙∙∙∙∙∙∙∙∙∙▒
∙∙∙∙∙∙∙∙∙∙∙∙∙∙∙∙∙∙∙∙∙∙∙▒
▒∙∙∙∙∙∙∙∙∙∙∙∙∙∙∙∙∙∙∙∙∙∙▒


You could see an orc warrior, an orc wizard, an orc and a friendly spectral
elven long sword.

Vanquished Creatures
  Edmund (D:5)
  An orc warrior (D:6)
  A centaur (D:6)
  The ghost of Econoterrorist the Charmwright, an average HESk (D:3)
  An ogre (D:4)
  2 crimson imps
  A giant frog zombie (D:6)
  A jelly (D:6)
  2 orc priests
  A scorpion (D:6)
  2 hounds (D:4)
  3 iguanas
  2 orc wizards
  2 worker ants
  An ogre zombie (D:6)
  A hound skeleton (D:4)
  2 worker ant zombies (D:6)
  7 adders
  2 worms (D:3)
  3 adder skeletons
  4 giant geckos
  2 oozes (D:1)
  12 orcs
  10 bats
  A bat skeleton (D:5)
  A bat zombie (D:5)
  4 giant cockroaches
  9 goblins
  8 hobgoblins
  2 jackals (D:3)
  13 kobolds
  3 quokkas
  3 ball pythons (D:4)
  3 giant newts
  A goblin skeleton (D:4)
  A kobold zombie (D:4)
  8 rats
122 creatures vanquished.

Notes
Turn   | Place    | Note
--------------------------------------------------------------
     0 | D:1      | Illaniel, the High Elf Skald, began the quest for the Orb.
     0 | D:1      | Reached XP level 1. HP: 13/13 MP: 4/4
    37 | D:1      | Reached skill level 1 in Armour
   135 | D:1      | Reached XP level 2. HP: 11/18 MP: 1/6
   194 | D:1      | Learned a level 2 spell: Song of Slaying
   197 | D:1      | Learned a level 2 spell: Shroud of Golubria
   736 | D:2      | Reached XP level 3. HP: 23/23 MP: 1/8
  1076 | D:2      | Reached skill level 4 in Charms
  1284 | D:3      | Noticed Econoterrorist's ghost (average HESk)
  1290 | D:2      | Reached XP level 4. HP: 25/29 MP: 4/11
  1295 | D:2      | Learned a level 3 spell: Spectral Weapon
  1727 | D:3      | Found a gateway to a ziggurat.
  1927 | D:3      | Reached skill level 1 in Translocations
  2241 | D:4      | Reached XP level 5. HP: 34/34 MP: 3/13
  2273 | D:4      | Noticed an ogre
  2610 | D:4      | Reached skill level 1 in Stealth
  2678 | D:4      | Found Schiacho's Food Emporium.
  2685 | D:4      | Got a dazzling dagger
  2687 | D:4      | Identified the dagger of the Mushroom {stab, rC+} (You found it on level 4 of the Dungeon)
  2765 | D:4      | Killed an ogre
  2765 | D:4      | Reached XP level 6. HP: 40/40 MP: 6/16
  2854 | D:4      | HP: 2/40 [orc/orcish trident (7)]
  3556 | D:5      | Entered Level 5 of the Dungeon
  3608 | D:5      | Noticed Edmund
  3620 | D:5      | Killed Edmund
  3620 | D:5      | Reached skill level 1 in Hexes
  3620 | D:5      | Reached XP level 7. HP: 37/45 MP: 2/18
  3741 | D:5      | Found a staircase to the Ecumenical Temple.
  3747 | Temple   | Entered the Ecumenical Temple
  3894 | Temple   | Became a worshipper of Warmaster Okawaru
  4193 | D:3      | Killed Econoterrorist's ghost
  4656 | D:5      | Noticed Grinder
  5293 | D:6      | Acquired Okawaru's first power
  5293 | D:6      | Reached XP level 8. HP: 16/52 MP: 12/21
  5354 | D:6      | Learned a level 2 spell: Repel Missiles
  5561 | D:6      | HP: 2/52 [orc warrior/orcish great mace (21)]
  5562 | D:6      | Mangled by an orc warrior

Action                   |  1- 3 |  4- 6 |  7- 9 || total
-------------------------+-------+-------+-------++-------
Melee: Falchion          |   115 |    27 |       ||   142
       Long sword        |       |   127 |   119 ||   246
       Dagger            |       |       |     6 ||     6
 Fire: Blowgun           |       |       |    18 ||    18
 Cast: Infusion          |    18 |    22 |    19 ||    59
       Shroud of Golubri |     7 |    19 |    12 ||    38
       Song of Slaying   |     1 |     6 |     2 ||     9
       Spectral Weapon   |       |    17 |    17 ||    34
Invok: Heroism           |       |       |     1 ||     1
Evoke: Wand              |       |     1 |       ||     1
  Use: Scroll            |     4 |     2 |       ||     6
       Potion            |       |       |     2 ||     2
 Stab: Distracted        |       |     2 |     2 ||     4
       Sleeping          |       |     1 |     1 ||     2
